 Dungeon Crawl Stone Soup version 0.32-a0-131-g9dbbe29261 (webtiles) character file.

Game seed: 11740362211032522051

60123 cforsyth the Warrior (level 15, 0/122 HPs)
             Began as a Djinni Hexslinger on Feb 8, 2024.
             Slain by an ettin
             ... wielding a +0 dire flail
              (14 damage)
             ... on level 1 of the Orcish Mines.
             The game lasted 01:08:44 (21362 turns).

cforsyth the Warrior (Djinni Hexslinger)           Turns: 21362, Time: 01:08:45

Health: 0/122      AC: 12    Str:  7    XL:     15   Next: 36%
Gold:   1140       EV:  8    Int: 22    God:
                   SH: 19    Dex: 16

rFire   + + +        a - +8 whip "Snakebite" {venom, curare, rPois, =f=f}
rCold   + . .        B - +2 shield of Resistance {rF++ rC++ Will++}
rNeg    . . .        v - +0 ring mail of Foolhardiness {Regen+}
rPois   ∞            K - +1 helmet
rElec   +            (no cloak)
rCorr   .            Q - +0 pair of gloves
SInv    .            (boots unavailable)
Will    +++..        q - amulet of reflection
Stlth   +            O - ring "Vaytog" {rElec AC+4}
HPRegen 1.20/turn    Y - +4 ring of slaying
MPRegen 0.00/turn

%: reflection, infuse magic (-1 HP)
@: flying, slightly contaminated
A: sickness immunity, fire resistance 2, cold vulnerability 1, float, innate
caster, HP casting, extra vitality 1
a: no special abilities


You were on level 1 of the Orcish Mines.
You visited 3 branches of the dungeon, and saw 18 of its levels.
You also visited: Sewer, Bailey and Ice Cave.

You collected 1410 gold pieces.
You spent 270 gold pieces at shops.


Innate Abilities, Weirdness & Mutations

You are immune to sickness and miasma.
You are immune to poison.
Your flesh is very heat resistant. (rF++)
You are vulnerable to cold. (rC-)
You float through the air rather than walking.
You learn spells naturally, not from books.
Your magical power is your life essence.
You have superior vitality. (+4 MHP)


   Skills:
 + Level 16.5 Fighting
 - Level 1.5 Ranged Weapons
 - Level 2.1 Dodging
 - Level 12.0 Shields
 + Level 13.1 Spellcasting
 + Level 13.1 Conjurations
 + Level 13.1 Hexes
 + Level 13.1 Summonings
 + Level 13.1 Necromancy
 + Level 13.1 Translocations
 + Level 13.1 Fire Magic
 + Level 13.1 Ice Magic
 + Level 13.1 Air Magic
 + Level 13.1 Earth Magic
 + Level 13.1 Alchemy


You knew the following spells:

 Your Spells              Type           Power      Damage    Failure   Level
a - Scorch                Fire           100%       2d9       1%          2
b - Starburst             Conj/Fire      32%        6d10      34%         6
c - Cause Fear            Hex            32%        N/A       2%          4
d - Animate Dead          Necr           64%        N/A       2%          4
f - Inner Flame           Hex/Fire       64%        N/A       1%          3
m - Summon Forest         Summ/Tloc      32%        N/A       6%          5
t - Static Discharge      Conj/Air       100%       3-8/arc   1%          2
v - Vampiric Draining     Necr           64%        2d10      1%          3
z - Sting                 Conj/Alch      100%       1d9       1%          1
X - Jinxbite              Hex            100%       N/A       1%          2
Y - Sigil of Binding      Hex            64%        N/A       1%          3
Z - Dimensional Bullseye  Hex/Tloc       32%        N/A       2%          4
Your spell library was empty.

Inventory:

Hand Weapons
 a - the +8 whip "Snakebite" (weapon) {venom, curare, rPois, =f=f}
   (You found it on level 2 of the Lair of Beasts)

   rPois:     It protects you from poison
Armour
 v - the +0 ring mail of Foolhardiness (worn) {Regen+}
   (You bought it in a shop on level 11 of the Dungeon)

   Regen+:    It increases your rate of health regeneration.
 B - the +2 shield of Resistance (worn) {rF++ rC++ Will++}
   (You took it off an orc warrior in a bailey)

   rF++:      It greatly protects you from fire.
   rC++:      It greatly protects you from cold.
   Will++:    It greatly increases your willpower.
 K - a +1 helmet (worn)
 Q - a +0 pair of gloves (worn)
Magical Staves
 c - a staff of cold {!a!a}
 l - a staff of alchemy {!a!a}
Jewellery
 i - an amulet of regeneration
 q - an amulet of reflection (around neck)
 O - the ring "Vaytog" (left hand) {rElec AC+4}
   (You found it on level 2 of the Lair of Beasts)

   [ring of protection]

   AC+4:      It affects your AC (+4).
   rElec:     It insulates you from electricity.
 Y - a +4 ring of slaying (right hand)
 Z - a ring of wizardry
Wands
 y - a wand of paralysis (8)
 G - a wand of polymorph (13)
 H - a wand of mindburst (13)
 L - a wand of flame (19)
Scrolls
 b - 3 scrolls of poison
 d - 4 scrolls of vulnerability
 m - 4 scrolls of fear
 n - 6 scrolls of enchant armour
 o - 7 scrolls of teleportation {@r2@r2}
 s - a scroll of identify {@r1@r1}
 u - 2 scrolls of fog
 E - 2 scrolls of summoning
 F - a scroll of silence {!r!r}
 N - a scroll of noise
Potions
 e - 2 potions of attraction
 f - 6 potions of curing {@q1@q1}
 g - 5 potions of heal wounds {@q2@q2}
 h - 11 potions of enlightenment
 j - 2 potions of haste {@q3@q3}
 k - 3 potions of lignification
 p - 6 potions of might
 w - 2 potions of ambrosia
 x - 2 potions of resistance
 z - 3 potions of brilliance
 A - 2 potions of berserk rage {!q!q}
 C - 2 potions of invisibility
 P - a potion of mutation
Miscellaneous
 r - a phial of floods
 J - a sack of spiders

Dungeon Overview and Level Annotations

Branches:
Dungeon (11/15)            Temple (0/1) D:6            Lair (5/5) D:8
 Shoals (0/4) Lair:2       Spider (0/4) Lair:3        Slime (0/5) Lair:4
    Orc (2/2) D:10          Sewer (visited)          Bailey (visited)
  IceCv (visited)
    Elf: Orc:2

Altars:
Ashenzari
Gozag
Qazlal
Trog
Yredelemnul
The Shining One

Shops:
D:3 :   D:7 =   D:11 [

Annotations:
D:9 2 transporters
Lair:5 2 runed translucent doors

.#...............##.....#
#................##....##
#...#...........#..^.#.##
##.#.....).....#........#####
##.....)>.............[)##.##
##...........#......)[.....#
##..................)).)).##
##..........C.##....).).))##
##.#...........#@..#.##..).<##
#.......##.....C......#..)...#
#........###...#...#..#)....##
..........##......##...#..###
#.#........#...#.####.#####
##...#.....##...## ###
##.##.....##...#
###.....####.## #.....## #...#


You could see an ettin.


Message History

The ettin hits you with a +0 dire flail!!
* * * LOW HITPOINT WARNING * * *
Unknown command.
Unknown command.
Casting: Starburst (dangerous; 34% risk of failure)
Confirm with . or Enter, or press ? or * to list all spells.
Casting: Starburst (dangerous; 34% risk of failure)
Press: ? - help, Dir - look around, f - activate You miscast Starburst.
You are very lightly contaminated with residual magic.
The air around you burns with energy. You resist.
* * * LOW HITPOINT WARNING * * *
x2 The ettin is no longer more vulnerable to fire.
You block the ettin's attack. x2
Unknown command.
Unknown command.
Unknown command.
Unknown command.
Casting: Starburst (dangerous; 34% risk of failure)
Confirm with . or Enter, or press ? or * to list all spells.
Casting: Starburst (dangerous; 34% risk of failure)
Press: ? - help, Dir - look around, f - activate You miscast Starburst.
You are lightly contaminated with residual magic.
The air around you burns with energy. You resist.
* * * LOW HITPOINT WARNING * * *
x2 The orc warrior is no longer more vulnerable to fire.
You block the ettin's attack.
The ettin hits you with a +0 dire flail!
You die...

Skill      XL: |  1  2  3  4  5  6  7  8  9 10 11 12 13 14 15 |
---------------+----------------------------------------------+-----
Spellcasting   | 3 4 5 6 7 8 9 10 11 12 13 | 13.1
Conjurations   | 3 4 5 6 7 8 9 10 11 12 13 | 13.1
Hexes          | 3 4 5 6 7 8 9 10 11 12 13 | 13.1
Summonings     | 3 4 5 6 7 8 9 10 11 12 13 | 13.1
Necromancy     | 3 4 5 6 7 8 9 10 11 12 13 | 13.1
Translocations | 3 4 5 6 7 8 9 10 11 12 13 | 13.1
Fire Magic     | 3 4 5 6 7 8 9 10 11 12 13 | 13.1
Ice Magic      | 3 4 5 6 7 8 9 10 11 12 13 | 13.1
Air Magic      | 3 4 5 6 7 8 9 10 11 12 13 | 13.1
Earth Magic    | 3 4 5 6 7 8 9 10 11 12 13 | 13.1
Alchemy        | 3 4 5 6 7 8 9 10 11 12 13 | 13.1
Fighting       | 2 3 5 6 7 9 11 12 13 14 15 16 | 16.5
Shields        | 2 6 8 10 12 | 12.0
Ranged Weapons | |  1.5
Dodging        | |  2.1

Action                     |  1- 3 |  4- 6 |  7- 9 | 10-12 | 13-15 || total
---------------------------+-------+-------+-------+-------+-------++-------
  Melee: Whip              |       |       |       |       |    55 ||    55
   Fire: Sling             |    94 |    45 |    71 |    97 |     3 ||   310
   Cast: Sting             |     6 |    98 |   107 |    83 |   128 ||   422
         Inner Flame       |       |    10 |    74 |   150 |   187 ||   421
         Vampiric Draining |       |       |     2 |       |       ||     2
         Scorch            |       |       |       |   153 |   271 ||   424
         Animate Dead      |       |       |       |     1 |     1 ||     2
         Cause Fear        |       |       |       |     1 |     1 ||     2
         Summon Forest     |       |       |       |       |     8 ||     8
         Starburst         |       |       |       |       |     2 ||     2
    Use: Scroll            |       |     2 |     4 |     6 |    15 ||    27
 Armour: Robe              |    28 |    37 |    54 |   114 |       ||   233
         Ring mail         |       |       |       |    29 |   368 ||   397
  Dodge: Dodged            |    28 |    24 |    40 |    17 |    60 ||   169
  Block: Other             |       |       |    10 |     1 |       ||    11
         Reflection        |       |       |     2 |       |     9 ||    11
         Kite shield       |       |       |       |    48 |   345 ||   393

Levels and vault maps discovered:
D:1:      lightli_molten_gateway, layout_basic, minmay_misc_feat_x, st_stairs_4
D:2:      layout_rooms, basic_altar, minmay_cut_off
D:3:      layout_basic, serial_shops, shop, nicolae_hexahallways, moated_statue,
          roderic_three_in_a_row
D:4:      layout_basic, gup_sewer_entry_pipe, nicolae_letterblocks
          [nicolae_letter_subblock, nicolae_letter_subblock,
          nicolae_letter_subblock, nicolae_letter_subblock,
          nicolae_letter_subblock, nicolae_letter_subblock,
          nicolae_letter_subblock, nicolae_letter_subblock,
          nicolae_letter_subblock, nicolae_letter_subblock,
          nicolae_letter_subblock, nicolae_letter_subblock,
          nicolae_letter_subblock, nicolae_letter_subblock,
          nicolae_letter_subblock, nicolae_letter_subblock,
          nicolae_letter_subblock, nicolae_letter_subblock,
          nicolae_letter_subblock, nicolae_letter_subblock,
          nicolae_letter_subblock, nicolae_letter_subblock,
          nicolae_letter_subblock, nicolae_letter_subblock,
          nicolae_letter_subblock], uniq_natasha, uniq_menkaure
D:5:      layout_cave_pools, uniq_ijyb
D:6:      layout_gridville, minmay_temple_entry_glassed_door
D:7:      layout_rooms, grunt_temple_overflow_holy_war, serial_shops,
          nicolae_square_shop, enter_bailey_5, uniq_maggie
D:8:      layout_basic, kennysheep_little_box, lemuel_tele_altar,
          hellmonk_lair_entry_icy
D:9:      gammafunk_steamed_eel, layout_loops_corners, kennysheep_small_square
D:10:     layout_gridville, trog_butcher_becter, david_orc_1_choice,
          kennysheep_generic_room_9, uniq_nergalle
D:11:     layout_cave_pods, serial_rivers, chequers_serial_rivers_room_b,
          chequers_serial_rivers_room_b, chequers_serial_rivers_large_b,
          chequers_serial_rivers_marsh, chequers_serial_rivers_small_b,
          serial_shops, shop, uniq_sonja
Lair:1:   layout_roguey, serial_rivers, chequers_serial_rivers_small_b,
          chequers_serial_rivers_large_a, chequers_serial_rivers_small_a,
          chequers_serial_rivers_room_b, chequers_serial_rivers_small_b,
          chequers_serial_rivers_small_a, lemuel_fruit_fields, uniq_joseph,
          uniq_erica
Lair:2:   minmay_guarded_unrand_snakebite, layout_cave_shapes,
          mainiacjoe_shoals_entry_four_pools, basic_altar
Lair:3:   dragon1_lemuel, layout_long_grid, spider_nest_entry_a,
          serial_bayou_pond_e
Lair:4:   layout_loops_ring, slime_entry_2, chequers_serial_rivers_room_b,
          infiniplex_staircase_pool
Lair:5:   cheibrodos_lair_end_hotspot, layout_small_grid,
          portal_ice_cave_entry_pillars_2
Orc:1:    layout_caves
Orc:2:    st_orc_ogre_mass, layout_caves, nicolae_shop_vocational, uniq_nessos

Notes
Turn   | Place    | Note
-------+----------+-------------------------------------------
     0 | D:1      | cforsyth the Djinni Hexslinger began the quest for the Orb.
     0 | D:1      | cforsyth set off with the following spells memorised:
                  | Jinxbite, Sigil of Binding, Inner Flame, Cause Fear,
                  | Dimensional Bullseye.
     0 | D:1      | Reached XP level 1. HP: 17/17 MP: 0/0
    97 | D:1      | You are sucked into a shaft and drop 1 floor!
   117 | D:2      | Reached skill level 3 in Spellcasting
   117 | D:2      | Reached skill level 3 in Conjurations
   117 | D:2      | Reached skill level 3 in Hexes
   117 | D:2      | Reached skill level 3 in Summonings
   117 | D:2      | Reached skill level 3 in Necromancy
   117 | D:2      | Reached skill level 3 in Translocations
   117 | D:2      | Reached skill level 3 in Fire Magic
   117 | D:2      | Reached skill level 3 in Ice Magic
   117 | D:2      | Reached skill level 3 in Air Magic
   117 | D:2      | Reached skill level 3 in Earth Magic
   117 | D:2      | Reached skill level 3 in Alchemy
   117 | D:2      | Reached XP level 2. HP: 17/23 MP: 0/0
   214 | D:1      | Reached skill level 2 in Fighting
   214 | D:1      | Reached XP level 3. HP: 22/28 MP: 0/0
   214 | D:1      | Learned a level 1 spell: Sting
   942 | D:2      | Reached XP level 4. HP: 19/34 MP: 0/0
  1065 | D:2      | Found a broken altar of Ashenzari.
  1304 | D:2      | Reached skill level 3 in Fighting
  1474 | D:2      | Reached XP level 5. HP: 40/40 MP: 0/0
  1474 | D:2      | Learned a level 2 spell: Static Discharge
  1570 | D:3      | Found Errupner's Book Boutique.
  2111 | D:3      | Reached XP level 6. HP: 43/47 MP: 0/0
  2160 | D:3      | Reached skill level 4 in Spellcasting
  2160 | D:3      | Reached skill level 4 in Conjurations
  2160 | D:3      | Reached skill level 4 in Hexes
  2160 | D:3      | Reached skill level 4 in Summonings
  2160 | D:3      | Reached skill level 4 in Necromancy
  2160 | D:3      | Reached skill level 4 in Translocations
  2160 | D:3      | Reached skill level 4 in Fire Magic
  2160 | D:3      | Reached skill level 4 in Ice Magic
  2160 | D:3      | Reached skill level 4 in Air Magic
  2160 | D:3      | Reached skill level 4 in Earth Magic
  2160 | D:3      | Reached skill level 4 in Alchemy
  2164 | D:3      | Reached skill level 4 in Fighting
  2172 | D:3      | HP: 4/47 [orc/+0 trident (5)]
  3105 | D:4      | Noticed Natasha
  3108 | D:4      | Killed Natasha
  3251 | D:4      | Noticed Menkaure
  3255 | D:4      | Killed Menkaure
  3256 | D:4      | Reached skill level 5 in Fighting
  3256 | D:4      | Reached XP level 7. HP: 20/54 MP: 0/0
  3256 | D:4      | Learned a level 2 spell: Scorch
  3289 | D:4      | Noticed Natasha
  3291 | D:4      | Killed Natasha
  3333 | D:4      | Found a glowing drain.
  3401 | Sewer    | Entered a sewer
  3649 | Sewer    | Reached skill level 5 in Spellcasting
  3649 | Sewer    | Reached skill level 5 in Conjurations
  3649 | Sewer    | Reached skill level 5 in Hexes
  3649 | Sewer    | Reached skill level 5 in Summonings
  3649 | Sewer    | Reached skill level 5 in Necromancy
  3649 | Sewer    | Reached skill level 5 in Translocations
  3649 | Sewer    | Reached skill level 5 in Fire Magic
  3649 | Sewer    | Reached skill level 5 in Ice Magic
  3649 | Sewer    | Reached skill level 5 in Air Magic
  3649 | Sewer    | Reached skill level 5 in Earth Magic
  3649 | Sewer    | Reached skill level 5 in Alchemy
  3843 | Sewer    | Found a glowing silver altar of Zin.
  4032 | D:4      | Reached skill level 6 in Fighting
  4032 | D:4      | Reached XP level 8. HP: 55/61 MP: 0/0
  4514 | D:5      | Entered Level 5 of the Dungeon
  4998 | D:5      | Noticed Ijyb
  4998 | D:5      | Paralysed by Ijyb for 2 turns
  5003 | D:5      | Killed Ijyb
  5187 | D:6      | Found a staircase to the Ecumenical Temple.
  5368 | D:6      | Reached skill level 7 in Fighting
  5493 | D:6      | Reached skill level 6 in Spellcasting
  5493 | D:6      | Reached skill level 6 in Conjurations
  5493 | D:6      | Reached skill level 6 in Hexes
  5493 | D:6      | Reached skill level 6 in Summonings
  5493 | D:6      | Reached skill level 6 in Necromancy
  5493 | D:6      | Reached skill level 6 in Translocations
  5493 | D:6      | Reached skill level 6 in Fire Magic
  5493 | D:6      | Reached skill level 6 in Ice Magic
  5493 | D:6      | Reached skill level 6 in Air Magic
  5493 | D:6      | Reached skill level 6 in Earth Magic
  5493 | D:6      | Reached skill level 6 in Alchemy
  6092 | D:6      | Reached XP level 9. HP: 60/69 MP: 0/0
  6092 | D:6      | Learned a level 3 spell: Vampiric Draining
  6288 | D:7      | Reached skill level 8 in Fighting
  6306 | D:7      | Found a flagged portal.
  6500 | Bailey   | Entered a bailey
  6635 | Bailey   | HP: 7/71 [cloud of flame (7)]
  6636 | Bailey   | HP: 3/71 [cloud of flame (4)]
  7080 | Bailey   | Reached skill level 7 in Spellcasting
  7080 | Bailey   | Reached skill level 7 in Conjurations
  7080 | Bailey   | Reached skill level 7 in Hexes
  7080 | Bailey   | Reached skill level 7 in Summonings
  7080 | Bailey   | Reached skill level 7 in Necromancy
  7080 | Bailey   | Reached skill level 7 in Translocations
  7080 | Bailey   | Reached skill level 7 in Fire Magic
  7080 | Bailey   | Reached skill level 7 in Ice Magic
  7080 | Bailey   | Reached skill level 7 in Air Magic
  7080 | Bailey   | Reached skill level 7 in Earth Magic
  7080 | Bailey   | Reached skill level 7 in Alchemy
  7142 | Bailey   | Noticed an orc knight
  7189 | Bailey   | Killed an orc knight
  7190 | Bailey   | Reached skill level 9 in Fighting
  7305 | Bailey   | Reached XP level 10. HP: 71/78 MP: 0/0
  7707 | Bailey   | Noticed a kobold demonologist
  7749 | Bailey   | Noticed an orc high priest
  7754 | Bailey   | Noticed a sun demon
  8086 | Bailey   | Acquired an amulet of regeneration
  8151 | Bailey   | Reached skill level 10 in Fighting
  8318 | Bailey   | Killed an orc high priest
  8319 | Bailey   | Reached skill level 8 in Spellcasting
  8319 | Bailey   | Reached skill level 8 in Conjurations
  8319 | Bailey   | Reached skill level 8 in Hexes
  8319 | Bailey   | Reached skill level 8 in Summonings
  8319 | Bailey   | Reached skill level 8 in Necromancy
  8319 | Bailey   | Reached skill level 8 in Translocations
  8319 | Bailey   | Reached skill level 8 in Fire Magic
  8319 | Bailey   | Reached skill level 8 in Ice Magic
  8319 | Bailey   | Reached skill level 8 in Air Magic
  8319 | Bailey   | Reached skill level 8 in Earth Magic
  8319 | Bailey   | Reached skill level 8 in Alchemy
  8393 | Bailey   | Killed a kobold demonologist
  8460 | Bailey   | Found an iron altar of Okawaru.
  8720 | D:7      | Reached skill level 1 in Shields
  8728 | D:7      | Noticed Maggie
  8738 | D:7      | Killed Maggie
  8823 | D:7      | Found a basalt altar of Yredelemnul.
  8826 | D:7      | Noticed a profane servitor
  8838 | D:7      | Found a glowing golden altar of the Shining One.
  8840 | D:7      | Noticed an angel
  8871 | D:7      | Found Lazo's Jewellery Shoppe.
  9143 | D:8      | Noticed a rime drake
  9148 | D:8      | Reached skill level 2 in Shields
  9151 | D:8      | Killed a rime drake
  9152 | D:8      | Reached skill level 11 in Fighting
  9160 | D:8      | Reached XP level 11. HP: 26/87 MP: 0/0
  9160 | D:8      | Learned a level 4 spell: Animate Dead
  9163 | D:8      | Reached skill level 3 in Shields
  9225 | D:8      | Found a staircase to the Lair.
  9660 | D:8      | Found a stormy altar of Qazlal.
 10324 | D:9      | Reached skill level 9 in Spellcasting
 10324 | D:9      | Reached skill level 9 in Conjurations
 10324 | D:9      | Reached skill level 9 in Hexes
 10324 | D:9      | Reached skill level 9 in Summonings
 10324 | D:9      | Reached skill level 9 in Necromancy
 10324 | D:9      | Reached skill level 9 in Translocations
 10324 | D:9      | Reached skill level 9 in Fire Magic
 10324 | D:9      | Reached skill level 9 in Ice Magic
 10324 | D:9      | Reached skill level 9 in Air Magic
 10324 | D:9      | Reached skill level 9 in Earth Magic
 10324 | D:9      | Reached skill level 9 in Alchemy
 10360 | D:9      | Reached skill level 4 in Shields
 10388 | D:9      | Found a transporter.
 10430 | D:9      | Found a transporter.
 10507 | D:9      | Noticed a two-headed ogre
 10510 | D:9      | Killed a two-headed ogre
 11054 | D:9      | Reached skill level 5 in Shields
 11226 | D:10     | Entered Level 10 of the Dungeon
 11236 | D:10     | Noticed Nergalle
 11249 | D:10     | Killed Nergalle
 11308 | D:10     | Found a staircase to the Orcish Mines.
 11328 | D:10     | Reached skill level 12 in Fighting
 11650 | D:10     | Reached skill level 6 in Shields
 11779 | D:10     | Reached XP level 12. HP: 92/96 MP: 0/0
 12009 | D:10     | Found a bloodstained altar of Trog.
 12439 | D:11     | Noticed a centaur warrior
 12445 | D:11     | Killed a centaur warrior
 12599 | D:11     | Reached skill level 10 in Spellcasting
 12599 | D:11     | Reached skill level 10 in Conjurations
 12599 | D:11     | Reached skill level 10 in Hexes
 12599 | D:11     | Reached skill level 10 in Summonings
 12599 | D:11     | Reached skill level 10 in Necromancy
 12599 | D:11     | Reached skill level 10 in Translocations
 12599 | D:11     | Reached skill level 10 in Fire Magic
 12599 | D:11     | Reached skill level 10 in Ice Magic
 12599 | D:11     | Reached skill level 10 in Air Magic
 12599 | D:11     | Reached skill level 10 in Earth Magic
 12599 | D:11     | Reached skill level 10 in Alchemy
 12792 | D:11     | Reached skill level 7 in Shields
 12795 | D:11     | Noticed Sonja
 12805 | D:11     | Killed Sonja
 12996 | D:11     | Found Ycvo Hurcha's Antique Armour Boutique.
 13000 | D:11     | Bought a jewelled ring mail for 270 gold pieces
 13000 | D:11     | Identified the +0 ring mail of Foolhardiness {Regen+} (You
                  | bought it in a shop on level 11 of the Dungeon)
 13008 | D:11     | Noticed a skeletal warrior
 13012 | D:11     | Noticed a skeletal warrior
 13013 | D:11     | Noticed a skeletal warrior
 13163 | Lair:1   | Entered Level 1 of the Lair of Beasts
 13452 | Lair:1   | Reached skill level 13 in Fighting
 13718 | Lair:1   | Noticed Erica
 13724 | Lair:1   | Killed Erica
 13914 | Lair:1   | Noticed Joseph
 13920 | Lair:1   | Killed Joseph
 14165 | Lair:1   | Reached skill level 8 in Shields
 14678 | Lair:1   | Reached XP level 13. HP: 79/103 MP: 0/0
 14678 | Lair:1   | Learned a level 5 spell: Summon Forest
 14706 | Lair:2   | Noticed a catoblepas
 14993 | Lair:2   | Identified the ring "Vaytog" {rElec AC+4}
 15015 | Lair:2   | Killed a catoblepas
 15016 | Lair:2   | Reached skill level 9 in Shields
 15016 | Lair:2   | Reached skill level 11 in Spellcasting
 15016 | Lair:2   | Reached skill level 11 in Conjurations
 15016 | Lair:2   | Reached skill level 11 in Hexes
 15016 | Lair:2   | Reached skill level 11 in Summonings
 15016 | Lair:2   | Reached skill level 11 in Necromancy
 15016 | Lair:2   | Reached skill level 11 in Translocations
 15016 | Lair:2   | Reached skill level 11 in Fire Magic
 15016 | Lair:2   | Reached skill level 11 in Ice Magic
 15016 | Lair:2   | Reached skill level 11 in Air Magic
 15016 | Lair:2   | Reached skill level 11 in Earth Magic
 15016 | Lair:2   | Reached skill level 11 in Alchemy
 15374 | Lair:2   | Found an opulent altar of Gozag.
 15588 | Lair:2   | Found a staircase to the Shoals.
 15774 | Lair:2   | Reached skill level 14 in Fighting
 15880 | Lair:2   | Found the +8 whip "Snakebite" {venom, curare, rPois}
 16054 | Lair:3   | Identified a potion of resistance
 16072 | Lair:3   | Found a hole to the Spider Nest.
 16291 | Lair:3   | Reached skill level 10 in Shields
 16460 | Lair:3   | Noticed a fire dragon
 16480 | Lair:3   | Killed a fire dragon
 16545 | Lair:3   | Identified a +0 robe of resistance
 16815 | Lair:4   | Noticed a catoblepas
 16824 | Lair:4   | Killed a catoblepas
 16954 | Lair:4   | Identified the +5 short sword of Ryogauq {flame, rCorr
                  | Dex+2 SInv}
 16972 | Lair:4   | Reached XP level 14. HP: 80/112 MP: 0/0
 17268 | Lair:4   | Found a staircase to the Slime Pits.
 17660 | Lair:5   | Entered Level 5 of the Lair of Beasts
 17678 | Lair:5   | Found a frozen archway.
 17719 | IceCv    | Entered an ice cave
 17986 | IceCv    | Reached skill level 15 in Fighting
 17986 | IceCv    | Reached skill level 12 in Spellcasting
 17986 | IceCv    | Reached skill level 12 in Conjurations
 17986 | IceCv    | Reached skill level 12 in Hexes
 17986 | IceCv    | Reached skill level 12 in Summonings
 17986 | IceCv    | Reached skill level 12 in Necromancy
 17986 | IceCv    | Reached skill level 12 in Translocations
 17986 | IceCv    | Reached skill level 12 in Fire Magic
 17986 | IceCv    | Reached skill level 12 in Ice Magic
 17986 | IceCv    | Reached skill level 12 in Air Magic
 17986 | IceCv    | Reached skill level 12 in Earth Magic
 17986 | IceCv    | Reached skill level 12 in Alchemy
 18011 | IceCv    | Reached skill level 11 in Shields
 19519 | Lair:5   | Reached skill level 12 in Shields
 19601 | Lair:5   | Reached XP level 15. HP: 116/121 MP: 0/0
 19601 | Lair:5   | Learned a level 6 spell: Starburst
 19738 | Lair:5   | Reached skill level 16 in Fighting
 19985 | Lair:5   | Found a large runed translucent door.
 19986 | Lair:5   | Found a large runed translucent door.
 20179 | Lair:5   | Reached skill level 13 in Spellcasting
 20179 | Lair:5   | Reached skill level 13 in Conjurations
 20179 | Lair:5   | Reached skill level 13 in Hexes
 20179 | Lair:5   | Reached skill level 13 in Summonings
 20179 | Lair:5   | Reached skill level 13 in Necromancy
 20179 | Lair:5   | Reached skill level 13 in Translocations
 20179 | Lair:5   | Reached skill level 13 in Fire Magic
 20179 | Lair:5   | Reached skill level 13 in Ice Magic
 20179 | Lair:5   | Reached skill level 13 in Air Magic
 20179 | Lair:5   | Reached skill level 13 in Earth Magic
 20179 | Lair:5   | Reached skill level 13 in Alchemy
 21004 | Orc:1    | Entered Level 1 of the Orcish Mines
 21329 | Orc:2    | Entered Level 2 of the Orcish Mines
 21362 | Orc:1    | Slain by an ettin

Vanquished Creatures
  A fire dragon (Lair:3)
  2 two-headed ogres
  2 catoblepae
  2 ironbound frosthearts (IceCv)
  Erica (Lair:1)
  3 hydras (Lair:5)
  A centaur warrior (D:11)
  6 death yaks (IceCv)
  An orc high priest (Bailey)
  Sonja (D:11)
  Nergalle (D:10)
  A skyshark (Lair:4)
  A lindwurm (Lair:5)
  An orc knight (Bailey)
  An oklob plant (Lair:5)
  A kobold blastminer (Orc:1)
  Joseph (Lair:1)
  A merfolk siren (Lair:2)
  An ice statue (IceCv)
  16 elephants
  12 black mambas
  A torpor snail (Lair:2)
  11 cane toads
  A gargoyle (D:11)
  Maggie (D:7)
  2 kobold demonologists
  7 komodo dragons
  4 rime drakes
  A catoblepas zombie (Lair:4)
  9 polar bears
  3 trolls
  A hornet (D:9)
  14 blink frogs
  11 dream sheep
  2 jumping spiders (Lair:3)
  2 wraiths (D:10)
  9 wyverns (Lair:5)
  2 shadows
  4 basilisks
  38 yaks
  2 steam dragons (Lair:5)
  4 wargs
  A redback (Lair:3)
  Menkaure (D:4)
  10 water moccasins
  2 acid dragons
  4 hell hounds (Lair:5)
  14 orc warriors
  3 ice beasts
  2 black bears
  3 ogres
  3 centaurs
  34 wolves
  3 kobold brigands
  A scorpion (D:10)
  4 bullfrogs
  6 wights (D:7)
  3 killer bees (D:9)
  A yak zombie (D:9)
  7 howler monkeys
  8 electric eels
  A bombardier beetle (D:5)
  5 lava snakes (Lair:5)
  3 hounds
  10 orc priests
  9 jellies
  A sleepcap (D:6)
  3 gnoll boudas
  4 iguanas
  Ijyb (D:5)
  Natasha (twice) (D:4)
  10 orc wizards
  17 gnolls
  10 adders
  A shadow imp (D:5)
  A white imp (D:6)
  2 ufetubi
  4 dart slugs
  A ribbon worm (D:3)
  57 orcs
  5 ball pythons
  3 bats
  7 endoplasms
  8 giant cockroaches
  17 hobgoblins
  6 jackals
  8 quokkas
  5 frilled lizards
  17 goblins
  18 kobolds
  13 rats
545 creatures vanquished.

Vanquished Creatures (collateral kills)
  3 molten gargoyles (Lair:5)
  A cane toad (Lair:4)
  2 polar bears (IceCv)
  An orc (Orc:1)
7 creatures vanquished.

Vanquished Creatures (others)
  A wolf (IceCv)
1 creature vanquished.

Grand Total: 553 creatures vanquished

Table legend: (Time is in decaauts)
 A = Elapsed time spent in this place.
 B = Non-inter-level travel time spent in this place.
 C = Inter-level travel time spent in this place.
 D = Time resting spent in this place.
 E = Time spent auto-exploring this place.
 F = Levels seen in this place.
 G = Mean time per level.
                   A        B        C        D        E       F      G
               +--------+--------+--------+--------+--------+-----+--------+
         Total |  21508 |  20717 |    791 |   3339 |  13021 |  21 | 1024.2 |
       Dungeon |  10777 |  10265 |    512 |    963 |   7716 |  11 |  979.7 |
          Lair |   6256 |   5990 |    266 |    868 |   3863 |   5 | 1251.2 |
  Orcish Mines |    364 |    352 |     12 |    108 |    139 |   2 |  182.0 |
         Sewer |    483 |    483 |      0 |     73 |    288 |   1 |  483.0 |
        Bailey |   2077 |   2077 |      0 |    721 |    432 |   1 | 2077.0 |
      Ice Cave |   1548 |   1548 |      0 |    606 |    583 |   1 | 1548.0 |
               +--------+--------+--------+--------+--------+-----+--------+

Top non-repeatable levels by time:
  Bailey: 2077 daAuts
  Lair:1: 1756 daAuts
  Lair:5: 1666 daAuts
   IceCv: 1548 daAuts
     D:3: 1434 daAuts
     D:9: 1358 daAuts
    D:10: 1296 daAuts
     D:4: 1095 daAuts
  Lair:2: 1078 daAuts
     D:6: 1068 daAuts
  Lair:4: 884 daAuts
  Lair:3: 870 daAuts
     D:8: 851 daAuts
     D:1: 826 daAuts
     D:7: 816 daAuts

Table legend:
 A = Non-vault XP
 B = Vault XP
 C = Vault XP percentage of total XP
 D = Non-vault monster count
 E = Vault monster count
 F = Vault count percentage of total count
                 A         B        C        D         E       F
            +---------+---------+-------+---------+---------+-------
      Total |   50485 |   35406 |  41.2 |     354 |     196 |  35.6
            +---------+---------+-------+---------+---------+-------
        D:1 |      32 |       3 |   8.6 |      18 |       2 |  10.0
        D:2 |      98 |       7 |   6.7 |      27 |       3 |  10.0
        D:3 |     200 |       0 |   0.0 |      34 |       0 |   0.0
        D:4 |     360 |     221 |  38.0 |      17 |      10 |  37.0
        D:5 |     421 |      36 |   7.9 |      11 |       1 |   8.3
        D:6 |     486 |       0 |   0.0 |       8 |       0 |   0.0
        D:7 |    1023 |     405 |  28.4 |      18 |       5 |  21.7
        D:8 |     535 |    1032 |  65.9 |      22 |       5 |  18.5
        D:9 |    2945 |     209 |   6.6 |      29 |       1 |   3.3
       D:10 |    2733 |    1885 |  40.8 |      22 |      16 |  42.1
       D:11 |    2655 |     785 |  22.8 |       7 |       1 |  12.5
     Lair:1 |    5211 |    1310 |  20.1 |      24 |       2 |   7.7
     Lair:2 |    6670 |    2634 |  28.3 |      22 |       9 |  29.0
     Lair:3 |    4535 |    1566 |  25.7 |      14 |       4 |  22.2
     Lair:4 |    9405 |     141 |   1.5 |      27 |       5 |  15.6
     Lair:5 |   10677 |    6605 |  38.2 |      31 |      28 |  47.5
      Orc:1 |    2499 |       0 |   0.0 |      23 |       0 |   0.0
      Sewer |       0 |     213 | 100.0 |       0 |      14 | 100.0
     Bailey |       0 |    3360 | 100.0 |       0 |      40 | 100.0
      IceCv |       0 |   14994 | 100.0 |       0 |      50 | 100.0
            +---------+---------+-------+---------+---------+-------
